 Dungeon Crawl Stone Soup version 0.29.1-2-gbd0b4ee654 (webtiles) character file.

Game seed: 11928788591199432067

665 Peloso the Covered (level 7, -3/61 HPs)
             Began as a Minotaur Fighter on Nov 30, 2022.
             Splashed by a jelly's acid (4 damage)
             ... on level 6 of the Dungeon.
             The game lasted 00:05:44 (4295 turns).

Peloso the Covered (Minotaur Fighter)               Turns: 4295, Time: 00:05:45

Health: -3/61      AC:  5    Str: 20    XL:     7   Next: 31%
Magic:  6/6        EV:  6    Int:  5    God:
Gold:   234        SH:  6    Dex: 12    Spells: 6/6 levels left

rFire   . . .      SeeInvis .   a - +0 long sword
rCold   . . .      Faith    .   c - +1 buckler
rNeg    . . .      Spirit   .   m - +0 plate armour
rPois   .          Reflect  .   (helmet restricted)
rElec   .          Harm     .   (no cloak)
rCorr   .          Rampage  .   (no gloves)
Will    .....                   (no boots)
Stlth   ..........              (no amulet)
HPRegen 0.20/turn               (no ring)
MPRegen 0.10/turn               (no ring)

@: corroded
A: horns 2, retaliatory headbutt
a: no special abilities


You were on level 6 of the Dungeon.
You visited 1 branch of the dungeon, and saw 6 of its levels.

You collected 234 gold pieces.

Inventory:

Hand Weapons
 a - a +0 long sword (weapon)
Armour
 b - a +0 scale mail
 c - a +1 buckler (worn)
 m - a +0 plate armour (worn)
Scrolls
 g - 2 scrolls of poison {unknown}
 h - a scroll of brand weapon {unknown}
 i - 3 scrolls of magic mapping
 j - 2 scrolls of enchant weapon {unknown}
 l - 2 scrolls of teleportation
 n - a scroll of acquirement {unknown}
 o - a scroll of butterflies {unknown}
 q - a scroll of blinking {unknown}
Potions
 d - a potion of might
 e - 3 potions of mutation
 f - a potion of flight
 k - a potion of haste {unknown}
 p - a potion of curing {unknown}
 r - a potion of cancellation {unknown}


   Skills:
 + Level 5.4 Fighting
 + Level 5.7 Long Blades
 + Level 7.0 Armour
 + Level 0.5 Dodging
 + Level 0.1 Stealth
 + Level 4.7 Shields


You had 6 spell levels left.
You didn't know any spells.
Your spell library contained the following spells:

 Spells                   Type           Power      Damage    Failure   Level
 Dazzling Flash           Conj/Hex       0%         N/A       100%        3
 Gell's Gravitas          Tloc           0%         N/A       100%        3
 Teleport Other           Tloc           0%         N/A       100%        3
 Iskenderun's Mystic Bla  Conj/Tloc      0%         2d3       100%        4
 Passage of Golubria      Tloc           0%         N/A       100%        4
 Summon Forest            Summ/Tloc      0%         N/A       100%        5
 Dispersal                Tloc           0%         N/A       100%        6
 Starburst                Conj/Fire      0%         6d3       100%        6


Dungeon Overview and Level Annotations

Branches:
Dungeon (6/15)
 Temple: D:4-7

Altars:

Shops:
D:1 [

Annotations:
D:5 Dowan, Duvessa


Innate Abilities, Weirdness & Mutations

You have a pair of horns on your head.
You reflexively headbutt those who attack you in melee.


Message History

Found a dagger.
Found a stone staircase leading down.
Found a grey potion and 12 gold pieces.
A jelly comes into view.
Duvessa hits you with a +1 short sword of flaming.
Duvessa burns you.
Dowan points at Duvessa and mumbles some strange words.
Duvessa seems to speed up.
Duvessa attacks as you move away! You block Duvessa's attack. x2
Duvessa attacks as you move away!
Duvessa hits you with a +1 short sword of flaming.
Duvessa burns you. The jelly hits you. The acid corrodes you!
You are splashed with acid!
Dowan says, "Stay away from my face!"
Duvessa hits you with a +1 short sword of flaming.
Duvessa burns you.
You see here a +0 dagger.
Duvessa hits you with a +1 short sword of flaming.
Duvessa burns you.
* * * LOW HITPOINT WARNING * * *
There is a stone staircase leading down here.
The jelly hits you.
* * * LOW HITPOINT WARNING * * *
You are splashed with acid!
* * * LOW HITPOINT WARNING * * *
Duvessa hits you with a +1 short sword of flaming.
* * * LOW HITPOINT WARNING * * *
Duvessa burns you.
* * * LOW HITPOINT WARNING * * *
You climb downwards.
You hear the hiss of flowing sand.
There is an entrance to an ossuary on this level.
Hurry and find it before the portal is buried!
There is a stone staircase leading up here.
Okay, then.
You hit the jelly but do no damage.
Your hands burn!
* * * LOW HITPOINT WARNING * * *
You headbutt the jelly.
The jelly is lightly wounded.
The jelly hits you but does no damage.
You slash the jelly! The acid corrodes you!
Your hands burn!
You die...

#####
##...####+##
#...@J......
#...........
+...........
##.####..##+
#. ..# .. .#
.. # ...


You could see a jelly.

Vanquished Creatures
  Sigmund (D:4)
  2 ogres
  A phantom (D:4)
  A scorpion (D:4)
  2 hounds
  An iguana (D:4)
  2 adders (D:5)
  A white imp (D:5)
  3 worms
  7 ball pythons
  11 endoplasms
  5 giant cockroaches
  7 goblins
  4 hobgoblins
  6 jackals
  8 kobolds
  6 quokkas
  6 frilled lizards
  5 rats
79 creatures vanquished.

Vanquished Creatures (others)
  A plant (D:3)
1 creature vanquished.

Grand Total: 80 creatures vanquished

Notes
Turn   | Place    | Note
-------+----------+-------------------------------------------
     0 | D:1      | Peloso the Minotaur Fighter began the quest for the Orb.
     0 | D:1      | Reached XP level 1. HP: 19/19 MP: 0/0
    82 | D:1      | Found Kipsut's Antique Armour Boutique.
   178 | D:1      | Reached XP level 2. HP: 26/27 MP: 1/1
   606 | D:1      | Got the Atlas of Orientation
   771 | D:2      | Reached skill level 4 in Armour
   776 | D:2      | Reached XP level 3. HP: 25/33 MP: 2/2
   929 | D:2      | Found a faded altar of an unknown god.
  2298 | D:3      | Reached XP level 4. HP: 38/40 MP: 3/3
  3105 | D:4      | Noticed a phantom
  3109 | D:4      | Noticed Sigmund
  3135 | D:4      | Killed a phantom
  3136 | D:4      | Reached skill level 5 in Armour
  3136 | D:4      | Reached XP level 5. HP: 14/47 MP: 4/4
  3144 | D:4      | HP: 2/47 [Sigmund/+0 scythe (9)]
  3146 | D:4      | Killed Sigmund
  3147 | D:4      | Reached skill level 6 in Armour
  3147 | D:4      | Reached XP level 6. HP: 23/53 MP: 5/5
  3438 | D:4      | Reached skill level 5 in Long Blades
  3737 | D:4      | Reached skill level 5 in Fighting
  3737 | D:4      | Reached XP level 7. HP: 32/61 MP: 6/6
  4201 | D:5      | Entered Level 5 of the Dungeon
  4204 | D:5      | Noticed Duvessa
  4261 | D:5      | Reached skill level 7 in Armour
  4278 | D:5      | Noticed Dowan
  4294 | D:6      | HP: 1/61 [acid (3)]
  4295 | D:6      | Splashed by a jelly's acid

Illustrated notes

Levels and vault maps discovered:
D:1:      lightli_arrival_statue_moat, layout_basic, serial_shops,
          nicolae_shop_temple_entry_statues_fountains, minmay_misc_feat_doors,
          minmay_misc_feat_secret_circle, grunt_decor_arrowhead
D:2:      layout_basic, shapermc_ecumenical_altar_mp_highgroup,
          interstate_on_off, st_stairs_2
D:3:      layout_basic, mrwooster_statue_mirror, serial_bayou_lagoon_b
D:4:      layout_loops_ring, uniq_sigmund
D:5:      layout_loops_ring, gammafunk_temple_overflow_statue, uniq_edmund,
          uniq_eustachio, uniq_duvessa
D:6:      layout_gridville, mainiacjoe_overflow_surrounded_room,
          minmay_temple_entry_mini_moons, gup_ossuary_entry_pyramid,
          st_stairs_14, minivault_23, uniq_prince_ribbit1

Skill      XL: |  1  2  3  4  5  6  7 |
---------------+----------------------+-----
Fighting       | 4 5 |  5.4
Shields        | 4 |  4.7
Armour         | 4 5 6 7 |  7.0
Long Blades    | 3 4 5 |  5.7
Dodging        | |  0.5
Stealth        | |  0.1

Action                   |  1- 3 |  4- 6 |  7- 9 || total
-------------------------+-------+-------+-------++-------
Melee: Long sword        |   128 |    80 |    22 ||   230
       Headbutt          |    17 |    15 |     8 ||    40
  Use: Scroll            |     6 |       |     1 ||     7
       Potion            |       |     1 |       ||     1
Armor: Scale mail        |    27 |       |       ||    27
       Plate armour      |    33 |    52 |    12 ||    97
Dodge: Dodged            |    36 |    24 |     4 ||    64
Block: Buckler           |    32 |    21 |     3 ||    56
